 Dungeon Crawl Stone Soup version 0.25-a0-21-ga5a8db46c7 (webtiles) character file.

Game seed: 3824227451011317101, levelgen mode: deterministic

67 MalarOregon the Magician (level 3, -7/29 HPs)
             Began as a Draconian Wizard on Oct 16, 2019.
             Killed from afar by an orc wizard (9 damage)
             ... with a magic dart
             ... on level 3 of the Dungeon.
             The game lasted 00:04:24 (2157 turns).

MalarOregon the Magician (Draconian Wizard)         Turns: 2157, Time: 00:04:24

Health: -7/29      AC:  6    Str: 14    XL:     3   Next: 98%
Magic:  0/7        EV: 12    Int: 19    God:
Gold:   96         SH:  0    Dex:  9    Spells: 3/8 levels left

rFire    . . .     SeeInvis .   g - +0 dagger
rCold    . . .     Gourm    .   (no shield)
rNeg     . . .     Faith    .   (armour unavailable)
rPois    .         Spirit   .   a - +0 hat
rElec    .         Reflect  .   c - +0 cloak
rCorr    .         Harm     .   (no gloves)
MR       .....                  (no boots)
Stlth    ++........             (no amulet)
HPRegen  0.09/turn              r - +5 ring of strength
MPRegen  0.10/turn              (no ring)

@: no status effects
A: unfitting armour, cold-blooded, AC +5
a: no special abilities


You were on level 3 of the Dungeon.
You were very hungry.

You visited 1 branch of the dungeon, and saw 3 of its levels.

You collected 96 gold pieces.

Inventory:

Hand Weapons
 g - a +0 dagger (weapon)
   (You found it on level 1 of the Dungeon)
Missiles
 f - 2 throwing nets {!f}
 i - an atropa-tipped dart (quivered)
Armour
 a - a +0 hat (worn)
 c - a +0 cloak (worn)
   (You found it on level 1 of the Dungeon)
Jewellery
 r - a +5 ring of strength (left hand)
   (You found it on level 2 of the Dungeon)
Scrolls
 d - a scroll of remove curse {unknown}
 h - a scroll of enchant weapon {unknown}
 j - 4 scrolls of teleportation {@r4}
 n - a scroll of magic mapping {unknown}
 o - a scroll of immolation {unknown}
 q - a scroll of blinking {unknown}
Potions
 b - 2 potions of mutation {!q}
 m - a potion of haste {@q3}
 p - a potion of resistance {unknown}
Comestibles
 e - 5 rations {!d}


   Skills:
 + Level 2.1 Fighting
 + Level 1.3 Short Blades
 + Level 1.0 Throwing
 + Level 2.6 Dodging
 - Level 1.7 Stealth
 - Level 3.0 Spellcasting
 - Level 1.0 Conjurations
 - Level 1.0 Summonings
 - Level 1.0 Translocations


You had 3 spell levels left.
You knew the following spells:

 Your Spells              Type           Power        Failure   Level  Hunger
a - Magic Dart            Conj           #...         10%         1    None
b - Blink                 Tloc           N/A          16%         2    ##.....
x - Call Imp              Summ           #.......     16%         2    ##.....

Your spell library contained the following spells:

 Spells                   Type           Power        Failure   Level  Hunger
 Slow                     Hex            #.......     22%         2    ##.....
 Conjure Flame            Conj/Fire      #.......     36%         3    ###....
 Mephitic Cloud           Conj/Pois/Air  #.......     36%         3    ###....


Dungeon Overview and Level Annotations

Branches:
Dungeon (3/15)

Altars:


Innate Abilities, Weirdness & Mutations

Your plain brown scales are hard. (AC +5)
You cannot fit into any form of body armour.
You are cold-blooded and may be slowed by cold attacks.


Message History

The magic dart hits something but does no damage.
You feel less wooden.
Your +0 cloak unmelds from your body.
Your +0 hat unmelds from your body.
Something hits you.
Aim: an orc The magic dart hits something.
Something barely misses you.
Unknown command.
You don't have enough magic to cast that spell.
You miss something.
You hear some strange, mumbled words.
You are confused.
You miss something. Something hits you but does no damage.
Your magical contamination has completely faded away.
You're too confused to attack without stumbling around!
You barely miss something.
Your tail-slap misses something.
Something hits you but does no damage.
You bump into the rock wall.
You are feeling very hungry.
Something hits you but does no damage.
You're too confused to move!
Something hits you.
* * * LOW HITPOINT WARNING * * *
You bump into the rock wall.
Something hits you but does no damage.
You miss something. Something hits you but does no damage.
You bump into the rock wall.
Something hits you but does no damage.
You completely miss something.
Your tail-slap misses something.
You feel less confused. Something barely misses you.
Unknown command.
Aim: an orc The magic dart hits something.
You hear some strange, mumbled words.
A magic dart appears from out of thin air!
The magic dart hits you!
* * * LOW HITPOINT WARNING * * *
A magic dart appears from out of thin air!
The magic dart hits you.
* * * LOW HITPOINT WARNING * * *
Unknown command.
Throwing (i - inventory. (/) - cycle)
i - 2 atropa-tipped darts (quivered)
Aim: an orc (chance to blind on hit: 100%)
You throw an atropa-tipped dart.
The atropa-tipped dart closely misses the orc.
A magic dart appears from out of thin air!
The magic dart hits you!
You die...

#..<...#.#
#..#####.#
#..# #.#
#..# #.#
#..# #.#
#..# #.#
.... #.#
#..## #.#
#..##S##@#
.....o{..#
#.###o####
#


You could see 2 orcs.

Vanquished Creatures
  2 gnolls (D:2)
  A worm (D:2)
  3 dart slugs
  3 leopard geckos
  An orc (D:3)
  3 goblins
  A hobgoblin (D:1)
  5 kobolds
  A ball python (D:1)
  6 bats
  A frilled lizard (D:1)
  7 rats
34 creatures vanquished.

Vanquished Creatures (collateral kills)
  2 gnolls (D:2)
2 creatures vanquished.

Grand Total: 36 creatures vanquished

Notes
Turn   | Place    | Note
-------+----------+-------------------------------------------
     0 | D:1      | MalarOregon the Draconian Wizard began the quest for the
                  | Orb.
     0 | D:1      | Reached XP level 1. HP: 14/14 MP: 4/4
   241 | D:1      | Reached skill level 1 in Fighting
   338 | D:1      | Reached XP level 2. HP: 23/23 MP: 0/6
   958 | D:2      | Learned a level 2 spell: Blink
   961 | D:2      | Learned a level 2 spell: Call Imp
   993 | D:2      | Reached XP level 3. HP: 29/29 MP: 0/7
  1020 | D:2      | Reached skill level 1 in Short Blades
  1618 | D:2      | Reached skill level 1 in Throwing
  2157 | D:3      | Killed from afar by an orc wizard

Levels and vault maps discovered:
D:1:      dpeg_arrival_radiant, layout_basic, minmay_misc_feat_roman
D:2:      layout_basic
D:3:      layout_loops_ring, first_ration, grunt_decor_clamped

Skill      XL: |  1  2  3 |
---------------+----------+-----
Dodging        | 2 |  2.6
Fighting       | 1 2 |  2.1
Short Blades   | 1 |  1.3
Throwing       | 1 |  1.0
Stealth        | |  1.7
Spellcasting   | |  3.0
Conjurations   | |  1.0
Summonings     | |  1.0
Translocations | |  1.0

Action                   || total
-------------------------++-------
Melee: Dagger            ||   106
       Tailslap          ||     4
Throw: Dart              ||     1
 Cast: Magic Dart        ||    69
       Call Imp          ||     3
  Use: Scroll            ||     4
       Potion            ||     1
 Stab: Sleeping          ||     2
  Eat: Chunk             ||     3
Armor: Skin              ||    46
Dodge: Dodged            ||    48

Table legend:
 A = Non-vault XP
 B = Vault XP
 C = Vault XP percentage of total XP
 D = Non-vault monster count
 E = Vault monster count
 F = Vault count percentage of total count
                 A         B        C        D         E       F
            +---------+---------+-------+---------+---------+-------
      Total |      96 |       0 |   0.0 |      36 |       0 |   0.0
            +---------+---------+-------+---------+---------+-------
        D:1 |      24 |       0 |   0.0 |      17 |       0 |   0.0
        D:2 |      65 |       0 |   0.0 |      17 |       0 |   0.0
        D:3 |       7 |       0 |   0.0 |       2 |       0 |   0.0
            +---------+---------+-------+---------+---------+-------
